 Dungeon Crawl Stone Soup version 0.31-a0-40-g1d5085d191 (webtiles) character file.

Game seed: 3099396185942578983

110 pk666 the Magician (level 4, -1/24 HPs)
             Began as a Deep Elf Fire Elementalist on May 17, 2023.
             Slain by a gnoll
             ... wielding a +0 flail of venom
              (7 damage)
             ... on level 3 of the Dungeon.
             The game lasted 00:03:19 (3603 turns).

pk666 the Magician (Deep Elf Fire Elementalist)     Turns: 3603, Time: 00:03:20

Health: -1/24      AC:  5    Str:  4 (5)  XL:     4   Next: 61%
Magic:  2/12       EV: 13    Int: 21 (22) God:
Gold:   172        SH:  0    Dex: 12 (15) Spells: 4/11 levels left

rFire   . . .        (no weapon)
rCold   . . .        (no shield)
rNeg    . . .        a - +0 robe
rPois   .            (no helmet)
rElec   .            (no cloak)
rCorr   .            d - +1 pair of gloves
SInv    .            j - +0 pair of boots
Will    .....        (no amulet)
Stlth   ++           (no ring)
HPRegen 0.24/turn    (no ring)
MPRegen 0.13/turn

%: no passive effects
@: no status effects
A: no striking features
a: no special abilities


You were on level 3 of the Dungeon.
You visited 1 branch of the dungeon, and saw 3 of its levels.

You collected 172 gold pieces.

Inventory:

Armour
 a - a +0 robe (worn)
 d - a +1 pair of gloves (worn)
 j - a +0 pair of boots (worn)
Wands
 p - a wand of mindburst (22)
Scrolls
 f - a scroll of fear {unknown}
 l - a scroll of magic mapping {unknown}
 m - a scroll of fog {unknown}
 n - 2 scrolls of poison {unknown}
 q - 3 scrolls of identify {unknown}
 s - a scroll of enchant weapon {unknown}
Potions
 b - 3 potions of magic
 c - 2 potions of lignification {unknown}
 e - a potion of ambrosia {unknown}
 g - 2 potions of degeneration
 h - a potion of cancellation {unknown}
 k - a potion of mutation {unknown}
 o - a potion of haste {unknown}
 r - a potion of heal wounds {unknown}


   Skills:
 + Level 3.6 Dodging
 - Level 2.4 Stealth
 + Level 4.1 Spellcasting
 + Level 2.6 Conjurations
 + Level 4.1 Fire Magic


You had 4 spell levels left.
You knew the following spells:

 Your Spells              Type           Power      Damage    Failure   Level
a - Foxfire               Conj/Fire      72%        2x1d7     3%          1
b - Scorch                Fire           42%        2d7       3%          2
c - Flame Wave            Conj/Fire      18%        2d7       30%         4

Your spell library contained the following spells:

 Spells                   Type           Power      Damage    Failure   Level
 Slow                     Hex            16%        N/A       12%         1
 Inner Flame              Hex/Fire       13%        N/A       16%         3
 Volatile Blastmotes      Fire/Tloc      26%        2d12      16%         3
 Confusing Touch          Hex            4%         N/A       34%         3
 Vampiric Draining        Necr           4%         2d6       34%         3
 Fulminant Prism          Conj/Hex       4%         3d5       56%         4
 Iskenderun's Mystic Bla  Conj/Tloc      9%         2d4       56%         4
 Lee's Rapid Deconstruct  Erth           2%         3d4*      97%         5


Dungeon Overview and Level Annotations

Branches:
Dungeon (3/15)

Altars:


Message History

The gnoll hits you with a +0 flail of venom.
* * * LOW HITPOINT WARNING * * *
The frilled lizard bites you but does no damage.
It was a potion of curing.
You feel better. The gnoll closely misses you. x2
The frilled lizard bites you but does no damage.
The gnoll attacks as you move away! The gnoll closely misses you.
The gnoll attacks as you move away! The gnoll misses you.
The gnoll attacks as you move away! The gnoll barely misses you.
The gnoll attacks as you move away!
The gnoll hits you with a +0 flail of venom.
You are poisoned.
You feel very sick.
* * * LOW HITPOINT WARNING * * *
You feel sick.
You feel sick.
Your magical contamination has completely faded away.
* * * LOW HITPOINT WARNING * * *
You feel sick.
You feel better. The gnoll closely misses you.
The gnoll attacks as you move away! The gnoll completely misses you.
The gnoll attacks as you move away!
The gnoll hits you with a +0 flail of venom.
* * * LOW HITPOINT WARNING * * *
You are lethally poisoned!
* * * LOW HITPOINT WARNING * * *
You feel very sick.
Casting: Foxfire (safe; 3% risk of failure)
Confirm with . or Enter, or press ? or * to list all spells.
Okay, then.
You feel better. The frilled lizard misses you.
The kobold throws a stone.
The stone barely misses you.
The frilled lizard attacks as you move away!
The frilled lizard bites you but does no damage.
The gnoll hits you with a +0 flail of venom!
* * * LOW HITPOINT WARNING * * *
You are lethally poisoned!
You feel better.
The gnoll hits you from afar with a +0 spear.
* * * LOW HITPOINT WARNING * * *
The gnoll hits you with a +0 flail of venom!
You die...

#.###.######## #......##
..#...# #......# #.#.###
#......# ....### #......#
#[....## ##### ##[.#####
.).......#
#...######..######
.........#
#...##...........#
.........#
#...###....#####.#
.........# #..@###..###
.........# #.gl.....####
......[..# ###..g........#
.........###.'...........'
..........##.#....K..####'
..........>..#####...#
.........#.### #.###
.........#.# #.#
#≈K⌠~~⌠.≈# .........#+####
#.# #≈g~~~~.≈#


You could see 2 gnolls, a kobold and a frilled lizard.

Vanquished Creatures
  2 gnolls (D:3)
  3 adders (D:2)
  A worm (D:2)
  A dart slug (D:3)
  2 orcs
  6 endoplasms
  2 giant cockroaches
  4 goblins
  5 hobgoblins
  11 jackals
  3 quokkas
  2 ball pythons (D:2)
  2 bats
  A frilled lizard (D:2)
  4 kobolds
  2 rats (D:1)
51 creatures vanquished.

Vanquished Creatures (others)
  225 foxfires
225 creatures vanquished.

Grand Total: 276 creatures vanquished

Notes
Turn   | Place    | Note
-------+----------+-------------------------------------------
     0 | D:1      | pk666 the Deep Elf Fire Elementalist began the quest for
                  | the Orb.
     0 | D:1      | Reached XP level 1. HP: 10/10 MP: 6/6
   909 | D:1      | Reached XP level 2. HP: 15/15 MP: 5/8
   912 | D:1      | Learned a level 2 spell: Scorch
  2023 | D:2      | Reached XP level 3. HP: 19/19 MP: 5/10
  2293 | D:2      | Reached XP level 4. HP: 24/24 MP: 6/11
  3104 | D:3      | Learned a level 4 spell: Flame Wave
  3584 | D:3      | HP: 1/24 [gnoll/+0 flail of venom (5)]
  3603 | D:3      | Slain by a gnoll

Illustrated notes

Levels and vault maps discovered:
D:1:      tarquinn_simple_flora_water_d, layout_basic, minmay_misc_feat_columns,
          minmay_misc_feat_room, minmay_misc_feat_x
D:2:      layout_basic, st_stairs_7
D:3:      layout_basic, kennysheep_generic_room_6

Skill      XL: |  1  2  3  4 |
---------------+-------------+-----
Dodging        | 3 |  3.6
Conjurations   | 2 |  2.6
Spellcasting   | 4 |  4.1
Fire Magic     | 4 |  4.1
Stealth        | |  2.4

Action                     |  1- 3 |  4- 6 || total
---------------------------+-------+-------++-------
   Cast: Foxfire           |    94 |    49 ||   143
         Scorch            |       |     3 ||     3
    Use: Potion            |       |     5 ||     5
 Armour: Robe              |    19 |     4 ||    23
  Dodge: Dodged            |    22 |    15 ||    37

Table legend: (Time is in decaauts)
 A = Elapsed time spent in this place.
 B = Non-inter-level travel time spent in this place.
 C = Inter-level travel time spent in this place.
 D = Time resting spent in this place.
 E = Time spent auto-exploring this place.
 F = Levels seen in this place.
 G = Mean time per level.
                   A        B        C        D        E       F      G
               +--------+--------+--------+--------+--------+-----+--------+
         Total |   3604 |   3553 |     51 |    171 |   2901 |   3 | 1201.3 |
       Dungeon |   3604 |   3553 |     51 |    171 |   2901 |   3 | 1201.3 |
               +--------+--------+--------+--------+--------+-----+--------+

Top non-repeatable levels by time:
     D:2: 1703 daAuts
     D:1: 1273 daAuts
     D:3: 626 daAuts
